[Event "Titled Tuesday Blitz November 08 Early 2022"]
[White "Harsha Bharathakoti"]
[Black "Ilkhomi, Jaloliddin"]
[WhiteFideId "5078776"]
[BlackFideId "14700948"]
[WhiteElo "2523"]
[BlackElo "2045"]
[Result "1-0"]
[Round "01"]
[TimeControl "180+1"]
[Date "2022.11.09"]
[WhiteClock "0:00:10"]
[BlackClock "0:00:20"]

1. c4 Nf6 2. Nc3 e6 3. e4 d5 4. e5 d4 5. exf6 dxc3 6. bxc3 Qxf6 7. Nf3 h6 8. d4 b6 9. Bd3 Bb7 10. O-O Nd7 11. Re1 Bd6 12. Nd2 Qh4 13. g3 Qe7 14. Rb1 c5 15. d5 Ne5 16. Bf1 O-O 17. f4 Nd7 18. Bh3 Rfe8 19. Bb2 e5 20. Nf3 e4 21. Nd2 Nf6 22. Re3 Bc8 23. Qf1 Bxh3 24. Qxh3 a6 25. Rbe1 Qc7 26. Nxe4 Nxe4 27. Rxe4 Rxe4 28. Rxe4 b5 29. Qf1 Rb8 30. Qe2 bxc4 31. Re8+ Rxe8 32. Qxe8+ Kh7 33. Qe4+ Kg8 34. Qxc4 Qb6 35. Qb3 Qa7 36. c4 Qe7 37. Qc3 f6 38. Kf2 Qe4 39. Qb3 Qh1 40. h4 Qh2+ 41. Ke1 Qg1+ 42. Kd2 Qf2+ 43. Kc1 Bc7 44. Kb1 Ba5 45. a3 Qe1+ 46. Ka2 Qd2 47. Kb1 Qe1+ 48. Ka2 Qd2 49. h5 Qf2 50. d6 Qd2 51. Qb8+ Kh7 52. d7 Qxd7 53. Qb3 Qd2 54. Kb1 Qe1+ 55. Bc1 Qe4+ 56. Qc2 f5 57. Qxe4 fxe4 58. f5 Kg8 59. Kc2 Kf7 60. Bb2 Bc7 61. g4 Bf4 62. Kd1 Bg5 63. Ke2 Bf6 64. Bc1 Bg5 65. Bxg5 hxg5 66. Ke3 Ke7 67. Kxe4 Kd6 68. f6 gxf6 69. h6 Ke6 70. h7 Kf7 71. h8=Q Kg6 72. Qg8+ Kh6 73. Kf5 a5 74. Qg6# 1-0


[Site "https://www.chess.com"]

[Event "Titled Tuesday Blitz November 08 Early 2022"]
[White "Hasangatin, Ramil"]
[Black "Luberanski, Jakub"]
[WhiteFideId "4122160"]
[BlackFideId "21830509"]
[WhiteElo "2362"]
[BlackElo "2109"]
[Result "1/2-1/2"]
[Round "01"]
[TimeControl "180+1"]
[Date "2022.11.09"]
[WhiteClock "0:00:05"]
[BlackClock "0:00:06"]

1. e4 g6 2. d4 Bg7 3. Nc3 d6 4. Be3 a6 5. a4 b6 6. Nf3 Bb7 7. h3 Nd7 8. Bd3 c5 9. d5 Ngf6 10. O-O O-O 11. Re1 e6 12. dxe6 fxe6 13. e5 Bxf3 14. Qxf3 Nxe5 15. Qe2 Nxd3 16. Qxd3 Qd7 17. Rad1 d5 18. Bg5 c4 19. Qe2 Rae8 20. Bxf6 Bxf6 21. Qxc4 Qf7 22. Qe2 Bxc3 23. bxc3 Qf6 24. Rd3 Qf4 25. Rd4 Qc7 26. c4 Qc5 27. c3 dxc4 28. Qxc4 Qxc4 29. Rxc4 Rc8 30. Rxc8 Rxc8 31. Rxe6 b5 32. Rxa6 bxa4 33. Rxa4 Rxc3 34. g3 Kg7 35. Kg2 Rb3 36. g4 Rb2 37. h4 Rc2 38. Ra5 Rb2 39. Ra7+ Kg8 40. Kg3 Rb3+ 41. f3 Rb1 42. Kf4 Rb5 43. Re7 Ra5 44. Re5 Ra7 45. Kg5 Kg7 46. h5 h6+ 47. Kf4 g5+ 48. Ke4 Ra4+ 49. Ke3 Rf4 50. Rf5 Ra4 51. Rd5 Rf4 52. Rd7+ Kg8 53. Rd4 Rf6 54. Ke4 Rf4+ 55. Ke3 Rf6 56. Rd5 Rf4 57. Re5 Kg7 58. Re7+ Kg8 59. Re4 Rf6 60. Ke2 Ra6 61. Re3 Ra4 62. Kd3 Rf4 63. Kd2 Kg7 64. Ke2 Ra4 65. Rc3 Rf4 66. Rc6 Kh7 67. Rg6 Ra4 68. Rd6 Rf4 69. Rd7+ Kg8 70. Ke3 Kh8 71. Rd5 Kg8 72. Rb5 Kh8 73. Rf5 Ra4 74. f4 gxf4+ 75. Rxf4 Ra3+ 76. Ke4 Ra5 77. Rf5 Ra4+ 78. Kf3 Kg7 79. Re5 Ra3+ 80. Kf4 Ra1 81. Re7+ Kg8 82. Kf5 Ra5+ 83. Re5 Ra6 84. Re6 Ra5+ 85. Re5 Ra6 86. Rd5 Kg7 87. Rc5 Rb6 88. Rd5 Ra6 89. Rb5 Rc6 90. Rb7+ Kg8 91. Re7 Ra6 92. Re6 Ra5+ 93. Re5 1/2-1/2


[Site "https://www.chess.com"]

[Event "Titled Tuesday Blitz November 08 Early 2022"]
[White "Hernandez Gonzalez, William"]
[Black "Mazzilli, Piero"]
[WhiteFideId "3509915"]
[BlackFideId "807087"]
[WhiteElo "2374"]
[BlackElo "2261"]
[Result "1-0"]
[Round "01"]
[TimeControl "180+1"]
[Date "2022.11.09"]
[WhiteClock "0:00:11"]
[BlackClock "0:00:31"]

1. e4 c5 2. Nf3 d6 3. d4 cxd4 4. Nxd4 Nf6 5. Nc3 a6 6. Bg5 e6 7. f4 Be7 8. Qf3 Nbd7 9. O-O-O Qc7 10. g4 b5 11. Bxf6 Nxf6 12. g5 Nd7 13. f5 O-O 14. f6 gxf6 15. gxf6 Bxf6 16. e5 dxe5 17. Rg1+ Kh8 18. Bd3 exd4 19. Qe4 Bg5+ 20. Rxg5 f5 21. Qxd4+ e5 22. Qh4 Nf6 23. Bxf5 Bxf5 24. Rxf5 Qg7 25. Rg5 Qe7 26. Rdg1 b4 27. Ne4 Nxe4 28. Qxe4 Rg8 29. R5g4 Rxg4 30. Qxg4 Rf8 31. Kb1 Qf6 32. b3 a5 33. a4 h6 34. Qe4 Qf5 35. Qd5 Qf6 36. Qxa5 Qd6 37. Re1 Re8 38. Qb5 Qe6 39. Qxb4 Kh7 40. Qe4+ Qg6 41. Qxg6+ Kxg6 42. a5 Kf5 43. Kb2 Ra8 44. b4 e4 45. Kb3 Kf4 46. Ka4 e3 47. b5 Kf3 48. b6 Kf2 49. Rb1 e2 50. b7 Re8 51. a6 Re4+ 52. Ka5 Re5+ 53. Kb6 Re6+ 54. Ka7 Re7 55. Ka8 e1=Q 56. Rxe1 Rxe1 57. b8=Q 1-0


[Site "https://www.chess.com"]

[Event "Titled Tuesday Blitz November 08 Early 2022"]
[White "Hnydiuk, Aleksander"]
[Black "Martinez Alcantara, Jose Eduardo"]
[WhiteFideId "1109057"]
[BlackFideId "3805662"]
[WhiteElo "2374"]
[BlackElo "2705"]
[Result "0-1"]
[Round "01"]
[TimeControl "180+1"]
[Date "2022.11.08"]
[WhiteClock "0:00:02"]
[BlackClock "0:00:14"]

1. e4 e5 2. Nf3 Nc6 3. d4 exd4 4. Nxd4 Nf6 5. Nxc6 bxc6 6. Qe2 d6 7. Nc3 Be7 8. Bf4 Be6 9. O-O-O Nd7 10. Qh5 O-O 11. Bd3 Rb8 12. e5 g6 13. Qe2 dxe5 14. Bxe5 Nxe5 15. Qxe5 Bf6 16. Qa5 Qd4 17. Rhe1 Qxf2 18. Rf1 Qe3+ 19. Kb1 Qe5 20. Qxe5 Bxe5 21. Na4 Bxh2 22. Nc5 Bg4 23. Rde1 Rbe8 24. Re4 Bc8 25. Ra4 Bd6 26. Ne4 Be5 27. Rxa7 f5 28. Ng5 Kg7 29. a4 Re7 30. Nf3 Bd6 31. a5 Bd7 32. a6 h5 33. b3 Kf6 34. Kb2 Rc8 35. Rb7 Ra8 36. a7 Bc5 37. Ra1 Bb6 38. Nd2 Be6 39. Bc4 Bd5 40. Bxd5 cxd5 41. b4 Kg5 42. Nb3 Re4 43. c3 Re2+ 44. Kb1 Rxg2 45. Nc1 h4 46. b5 h3 47. Ra2 Rxa2 48. Kxa2 h2 49. Nd3 Rxa7+ 0-1


[Site "https://www.chess.com"]

[Event "Titled Tuesday Blitz November 08 Early 2022"]
[White "Horobetz, Graham"]
[Black "Thiel, Thomas"]
[WhiteFideId "2047322"]
[BlackFideId "4615964"]
[WhiteElo "2597"]
[BlackElo "2220"]
[Result "1-0"]
[Round "01"]
[TimeControl "180+1"]
[Date "2022.11.09"]
[WhiteClock "0:01:01"]
[BlackClock "0:01:09"]

1. e4 d5 2. exd5 Nf6 3. Bb5+ Nbd7 4. Nf3 Nxd5 5. d4 c6 6. Be2 g6 7. c4 Nc7 8. Nc3 Bg7 9. O-O O-O 10. Be3 Nf6 11. Ne5 Bf5 12. Qb3 Rb8 13. Bf3 Ne6 14. Rfd1 Qb6 15. Qa3 Qc7 16. g4 Bxg4 17. Nxg4 Nxg4 18. Bxg4 f5 19. d5 Nf4 20. d6 exd6 21. Bxf4 fxg4 22. Bxd6 Qf7 23. Bxf8 Rxf8 24. Qc5 Qf4 25. Qe3 Qxc4 26. Rd7 1-0


[Site "https://www.chess.com"]

[Event "Titled Tuesday Blitz November 08 Early 2022"]
[White "Iliaguev, Nisim"]
[Black "Todorovic, Bojan"]
[WhiteFideId "2817276"]
[BlackFideId "917087"]
[WhiteElo "2244"]
[BlackElo "2266"]
[Result "1-0"]
[Round "01"]
[TimeControl "180+1"]
[Date "2022.11.09"]
[WhiteClock "0:01:07"]
[BlackClock "0:00:29"]

1. d4 Nf6 2. Nf3 g6 3. g3 Bg7 4. Bg2 O-O 5. O-O d6 6. b3 c5 7. Bb2 Ne4 8. Nbd2 Nxd2 9. Qxd2 Nc6 10. c4 Qa5 11. Bc3 Qb6 12. d5 Bxc3 13. Qxc3 Nb8 14. h4 Bg4 15. h5 Bxh5 16. e4 Nd7 17. Nh2 g5 18. f4 f6 19. Qe3 h6 20. Bh3 Qc7 21. Kg2 Rf7 22. Be6 Kg7 23. Bxf7 Bxf7 24. Rh1 a5 25. Ng4 Rh8 26. fxg5 hxg5 27. Rxh8 Kxh8 28. Rh1+ Kg7 29. Qg1 Bg6 30. Nf2 Ne5 31. Qh2 a4 32. Qh6+ Kf7 33. Qh3 g4 34. Qh8 axb3 35. axb3 Qa5 36. Qc8 Qd2 37. Qe6+ Kf8 38. Rh8+ Kg7 39. Qg8# 1-0


[Site "https://www.chess.com"]

[Event "Titled Tuesday Blitz November 08 Early 2022"]
[White "Isajevsky, Anton"]
[Black "Chigaev, Maksim"]
[WhiteFideId "4142500"]
[BlackFideId "4108116"]
[WhiteElo "2510"]
[BlackElo "2541"]
[Result "0-1"]
[Round "01"]
[TimeControl "180+1"]
[Date "2022.11.09"]
[WhiteClock "0:00:02"]
[BlackClock "0:00:05"]

1. c4 e5 2. g3 c6 3. d4 e4 4. d5 Bb4+ 5. Bd2 Qe7 6. e3 cxd5 7. cxd5 Nf6 8. Nc3 O-O 9. Bg2 d6 10. Nge2 Bf5 11. h3 h6 12. O-O Nbd7 13. a3 Bxc3 14. Bxc3 Ne5 15. Bxe5 Qxe5 16. Qd4 Qxd4 17. Nxd4 Bg6 18. Nb5 Rfd8 19. Rfd1 a6 20. Nc3 Rac8 21. Rd4 Re8 22. g4 Bh7 23. Rad1 g5 24. Rb4 Rc7 25. Rdd4 Kg7 26. Nxe4 Bxe4 27. Bxe4 Nd7 28. Bf3 Ne5 29. Kg2 b5 30. Be4 Rc5 31. a4 bxa4 32. Rb6 Nc4 33. Rxa6 Nxb2 34. Rxd6 Ra5 35. Bb1 a3 36. Ba2 Rb8 37. Rd7 Na4 38. d6 Rf8 39. Rd5 Rxd5 40. Bxd5 Nb6 41. Ra7 Nxd5 42. Rxa3 Rd8 43. Ra6 Nf6 44. f3 Ne8 45. f4 Nxd6 46. Kf3 Ne8 47. Ra5 gxf4 48. exf4 Nc7 49. g5 hxg5 50. fxg5 Rd3+ 51. Kg4 Ne6 52. h4 Rd4+ 53. Kg3 Kg6 54. Ra1 Ng7 55. Ra6+ Kh7 56. Rf6 Nh5+ 0-1


[Site "https://www.chess.com"]

[Event "Titled Tuesday Blitz November 08 Early 2022"]
[White "Janaszak, Dawid"]
[Black "Cramling Bellon, Anna"]
[WhiteFideId "1119206"]
[BlackFideId "32009232"]
[WhiteElo "2226"]
[BlackElo "1972"]
[Result "1-0"]
[Round "01"]
[TimeControl "180+1"]
[Date "2022.11.09"]
[WhiteClock "0:00:39"]
[BlackClock "0:00:06"]

1. e4 c5 2. Nc3 Nc6 3. Bb5 Nd4 4. Nf3 a6 5. Bd3 g6 6. b4 Nxf3+ 7. Qxf3 cxb4 8. Nd5 Bg7 9. Rb1 a5 10. a3 e6 11. Ne3 Ne7 12. axb4 axb4 13. Rxb4 Ra1 14. O-O Nc6 15. Bb2 Rxf1+ 16. Bxf1 Bxb2 17. Rxb2 O-O 18. c3 Ne5 19. Qg3 d6 20. d4 Nc6 21. h4 h5 22. Rd2 Qe7 23. d5 Ne5 24. f4 Ng4 25. dxe6 Qxe6 26. Nxg4 hxg4 27. Qd3 b5 28. Qd4 Bb7 29. e5 dxe5 30. fxe5 Qc6 31. Rb2 Qc7 32. Rxb5 Rd8 33. Rxb7 Qc8 34. Qb4 1-0


[Site "https://www.chess.com"]

[Event "Titled Tuesday Blitz November 08 Early 2022"]
[White "Jean Louis, Marckens"]
[Black "Galperin, Platon"]
[WhiteFideId "11900270"]
[BlackFideId "14165414"]
[WhiteElo "2030"]
[BlackElo "2435"]
[Result "0-1"]
[Round "01"]
[TimeControl "180+1"]
[Date "2022.11.09"]
[WhiteClock "0:00:32"]
[BlackClock "0:02:00"]

1. d4 Nf6 2. Nf3 c5 3. g3 cxd4 4. Nxd4 d5 5. Bg2 e5 6. Nb3 Be6 7. O-O Be7 8. c4 Nc6 9. cxd5 Nxd5 10. a3 O-O 11. N1d2 Rc8 12. h4 Nf6 13. Rb1 Qb6 14. Na1 Ba2 15. Nc2 Bxb1 16. Nxb1 Rfd8 17. Qe1 Qb3 18. Ne3 Nd4 19. Nc3 b5 20. Ne4 Nxe4 21. Bxe4 Rxc1 22. Qa5 Nxe2+ 23. Kg2 Rxf1 24. Kxf1 Nd4 25. Qxa7 Qe6 26. Kg2 g6 27. Nd5 Rxd5 28. Bxd5 Qxd5+ 29. Kh3 Qh1+ 30. Kg4 h5# 0-1


[Site "https://www.chess.com"]

[Event "Titled Tuesday Blitz November 08 Early 2022"]
[White "Jeet, Jain"]
[Black "Bibilashvili, Lali"]
[WhiteFideId "5073022"]
[BlackFideId "13604236"]
[WhiteElo "2067"]
[BlackElo "1819"]
[Result "0-1"]
[Round "01"]
[TimeControl "180+1"]
[Date "2022.11.09"]
[WhiteClock "0:00:33"]
[BlackClock "0:01:04"]

1. Nf3 Nf6 2. b3 g6 3. Bb2 Bg7 4. g3 d6 5. Bg2 O-O 6. O-O c5 7. d3 Nc6 8. e4 Bg4 9. h3 Bd7 10. Nc3 a6 11. a4 Rb8 12. Ne2 b5 13. axb5 axb5 14. Re1 b4 15. Qc1 Qb6 16. Nd2 Bh6 17. Nf4 Qb5 18. Bxf6 exf6 19. Nd5 Nd4 20. Nxf6+ Kg7 21. Nxd7 Qxd7 22. f4 Ra8 23. Qb2 Kg8 24. Kh2 Bg7 25. e5 dxe5 26. Rxa8 Rxa8 27. Bxa8 exf4 28. Qa2 fxg3+ 29. Kxg3 Qd6+ 30. Kg2 Nf5 31. Nf1 Nh4+ 32. Kh1 Qd7 33. Bg2 Bd4 34. Qa8+ Kg7 35. Qe4 Nf5 36. Bf3 Ng3+ 37. Nxg3 Qxh3# 0-1


[Site "https://www.chess.com"]

[Event "Titled Tuesday Blitz November 08 Early 2022"]
[White "Jegorovas, Aleksandras"]
[Black "Jones, Gawain C B"]
[WhiteFideId "12801950"]
[BlackFideId "409561"]
[WhiteElo "2247"]
[BlackElo "2657"]
[Result "0-1"]
[Round "01"]
[TimeControl "180+1"]
[Date "2022.11.09"]
[WhiteClock "0:00:11"]
[BlackClock "0:00:08"]

1. Nf3 g6 2. d4 d5 3. c4 dxc4 4. e4 Bg7 5. Bxc4 Nf6 6. Nc3 c6 7. O-O O-O 8. h3 b5 9. Bd3 Bb7 10. e5 Nd5 11. Ne4 Nd7 12. Bg5 h6 13. Bh4 Nf4 14. Rc1 Nxe5 15. Nxe5 Qxd4 16. Nxg6 fxg6 17. Bb1 Qxd1 18. Rcxd1 g5 19. Bg3 Ne2+ 20. Kh2 Nxg3 21. Kxg3 Be5+ 22. Kg4 Rf4+ 23. Kh5 Rh4+ 24. Kg6 Rf8 25. g3 Rxh3 26. Rh1 g4 27. f4 Bxb2 28. Rxh3 gxh3 29. Kxh6 c5 30. Ng5 Bg7+ 31. Kh5 h2 32. Bh7+ Kh8 33. Be4 Bxe4 34. Nxe4 Bd4 35. Rh1 Bg1 36. Kg6 c4 37. f5 b4 38. g4 c3 39. Ng3 c2 40. Ne2 Kg8 41. Nxg1 c1=Q 42. Nf3 Rf6+ 0-1


[Site "https://www.chess.com"]

[Event "Titled Tuesday Blitz November 08 Early 2022"]
[White "Jobava, Baadur"]
[Black "Raahul V S"]
[WhiteFideId "13601520"]
[BlackFideId "25035525"]
[WhiteElo "2582"]
[BlackElo "2233"]
[Result "0-1"]
[Round "01"]
[TimeControl "180+1"]
[Date "2022.11.08"]
[WhiteClock "0:00:05"]
[BlackClock "0:00:07"]

1. b3 e5 2. Bb2 Nc6 3. Nf3 e4 4. Nd4 Nxd4 5. Bxd4 d5 6. e3 Nf6 7. c4 c5 8. Bxf6 Qxf6 9. Nc3 dxc4 10. Bxc4 Qg6 11. Bd5 f5 12. O-O Bd6 13. f3 exf3 14. Qxf3 Rb8 15. Nb5 a6 16. Nxd6+ Qxd6 17. d4 cxd4 18. exd4 Kd8 19. Rfe1 Re8 20. Rxe8+ Kxe8 21. Re1+ Kd8 22. Kh1 b5 23. h3 Bd7 24. Re5 Rb6 25. Qe3 Kc7 26. Bf3 Qh6 27. Rc5+ Kd8 28. Qe5 Re6 29. Qb8+ Ke7 30. Kh2 Re1 31. Qg3 Qd6 32. Re5+ Rxe5 33. Qxg7+ Ke6 34. Qg8+ Kf6 35. Qh8+ Ke6 36. Qg8+ Kf6 37. dxe5+ Qxe5+ 38. Qg3 a5 39. h4 b4 40. Bd1 h6 41. Bc2 Qxg3+ 42. Kxg3 Ke5 43. Kf2 Bc6 44. g3 Be4 45. Bd1 Kd4 46. g4 fxg4 47. Bxg4 Kc3 48. Ke3 Bb1 49. Bd7 Bxa2 50. Kf4 Bxb3 51. Kf5 Bd1 52. Kg6 h5 53. Kg5 b3 54. Ba4 Kb4 55. Bc6 b2 56. Be4 Kc3 57. Bb1 a4 58. Ba2 a3 59. Kf4 Kc2 60. Kg5 b1=Q 0-1


[Site "https://www.chess.com"]

[Event "Titled Tuesday Blitz November 08 Early 2022"]
[White "Jodorcovsky Werjivker, Paulo"]
[Black "Shipov, Sergei"]
[WhiteFideId "3700305"]
[BlackFideId "4113624"]
[WhiteElo "2120"]
[BlackElo "2788"]
[Result "0-1"]
[Round "01"]
[TimeControl "180+1"]
[Date "2022.11.09"]
[WhiteClock "0:00:44"]
[BlackClock "0:00:15"]

1. e4 e6 2. d4 d5 3. Nc3 Bb4 4. a3 Bxc3+ 5. bxc3 dxe4 6. Qg4 Nf6 7. Qxg7 Rg8 8. Qh6 Bd7 9. Ne2 c5 10. Qd2 Ba4 11. Ng3 Nc6 12. Rb1 Qc7 13. Bb2 O-O-O 14. Ba1 h5 15. h4 Rg4 16. Be2 Rxg3 17. fxg3 Qxg3+ 18. Kf1 Rg8 19. Bc4 e3 20. Qe2 Ne4 21. Rh3 Nd2+ 22. Qxd2 exd2 23. Rxg3 Rxg3 24. Rd1 Bxc2 25. Rxd2 Be4 26. Re2 Rg4 27. Bb2 Na5 28. Ba2 Bd3 29. dxc5 Bxe2+ 30. Kxe2 Rxg2+ 0-1


[Site "https://www.chess.com"]

[Event "Titled Tuesday Blitz November 08 Early 2022"]
[White "Johnson, Ben"]
[Black "Skatchkov, Valery"]
[WhiteFideId "2010917"]
[BlackFideId "24195812"]
[WhiteElo "2132"]
[BlackElo "2147"]
[Result "0-1"]
[Round "01"]
[TimeControl "180+1"]
[Date "2022.11.09"]
[WhiteClock "0:00:06"]
[BlackClock "0:02:48"]

1. Nf3 d5 2. e3 Nd7 3. c4 c6 4. Nc3 Ngf6 5. b3 e5 6. cxd5 cxd5 7. d4 e4 8. Nd2 Bd6 9. Nb5 Be7 10. Qc2 O-O 11. Ba3 a6 12. Bxe7 Qxe7 13. Nc7 Rb8 14. Be2 b5 15. Rc1 Bb7 16. a4 Rfc8 17. axb5 axb5 18. Bxb5 Ne8 19. Nxe8 Rxc2 20. Rxc2 Qxe8 21. Rc7 Bc8 22. Ba4 Qd8 23. Ra7 Qb6 24. Rxd7 Bxd7 25. Bxd7 Qb4 26. Ba4 Rc8 27. Ke2 Rc2 28. Rd1 f5 29. g3 Kf7 30. h4 g6 31. Ke1 h6 32. Ke2 g5 33. hxg5 hxg5 34. Ke1 Kf6 35. Ke2 Kg6 36. Ke1 Kf6 37. Ke2 Qc3 38. Ke1 f4 39. gxf4 gxf4 40. exf4 e3 41. fxe3 Qxe3+ 42. Kf1 Rxd2 0-1


[Site "https://www.chess.com"]

[Event "Titled Tuesday Blitz November 08 Early 2022"]
[White "Jumabayev, Rinat"]
[Black "Namitbir Singh Walia"]
[WhiteFideId "13702661"]
[BlackFideId "35071068"]
[WhiteElo "2561"]
[BlackElo "2239"]
[Result "0-1"]
[Round "01"]
[TimeControl "180+1"]
[Date "2022.11.09"]
[WhiteClock "0:00:21"]
[BlackClock "0:00:19"]

1. d4 Nf6 2. Nf3 e6 3. Bf4 b6 4. e3 Bb7 5. Bd3 c5 6. O-O Be7 7. h3 O-O 8. Nbd2 d6 9. Re1 Nbd7 10. Bh2 Re8 11. a4 a6 12. c3 Nf8 13. e4 Ng6 14. Bc2 Bf8 15. e5 dxe5 16. dxe5 Nd5 17. Nc4 Ndf4 18. Nd6 Bxd6 19. exd6 Nxg2 20. d7 Re7 21. Bxg6 Nxe1 22. Bxh7+ Kxh7 23. Ng5+ Kg8 24. Qh5 Nf3+ 25. Nxf3 Bxf3 26. Qxf3 Rxd7 27. Re1 Rd3 28. Qg4 Qf6 29. Bg3 Rd5 30. h4 b5 31. Re4 Qf5 32. Qe2 Rad8 33. Kg2 Rd2 34. Qe3 R2d3 35. Qe2 Qd5 36. Kh2 Rd2 37. Qe3 Rd1 38. f3 Qd2+ 39. Bf2 Qxb2 40. axb5 R8d2 41. Kg3 Qb1 42. Rxe6 fxe6 43. Qxe6+ Kh7 44. h5 Rg1+ 45. Bxg1 Qxg1+ 46. Kf4 Qh2+ 47. Kg4 Rg2+ 48. Kf5 Qxh5+ 49. Kf4 Qg5+ 0-1


[Site "https://www.chess.com"]

[Event "Titled Tuesday Blitz November 08 Early 2022"]
[White "Kamsky, Gata"]
[Black "Mouhamad, Joachim"]
[WhiteFideId "2000024"]
[BlackFideId "656410"]
[WhiteElo "2666"]
[BlackElo "2164"]
[Result "1-0"]
[Round "01"]
[TimeControl "180+1"]
[Date "2022.11.09"]
[WhiteClock "0:01:18"]
[BlackClock "0:00:01"]

1. e4 c5 2. Nf3 Nc6 3. d4 cxd4 4. Nxd4 g6 5. c4 Nf6 6. Nc3 d6 7. Be2 Nxd4 8. Qxd4 Bg7 9. Bd2 O-O 10. Qe3 a5 11. O-O a4 12. Rfc1 Be6 13. Rab1 Ng4 14. Bxg4 Bxg4 15. Nd5 Be6 16. Bc3 Bxc3 17. Rxc3 Re8 18. Rd1 Qa5 19. h4 Rac8 20. h5 Bxd5 21. Rxd5 Rc5 22. h6 Rxd5 23. cxd5 Qb4 24. Rc2 a3 25. bxa3 Qb1+ 26. Rc1 Qb2 27. g3 Qe5 28. Rc7 e6 29. dxe6 Qxe6 30. Rxb7 Re7 31. Qd4 f6 32. Rxe7 Qxe7 33. Qc4+ Kf8 34. Qc8+ Kf7 35. Qh8 Qxe4 36. Qxh7+ Ke6 37. Qg8+ Kf5 38. Qc8+ Kg5 39. h7 Qe1+ 40. Kg2 Qe4+ 41. Kh2 Qf3 42. Qc1+ Kf5 43. Qf4+ Qxf4 44. gxf4 1-0


[Site "https://www.chess.com"]

[Event "Titled Tuesday Blitz November 08 Early 2022"]
[White "Kaplan, Avi Harrison"]
[Black "Peyrer, Konstantin"]
[WhiteFideId "30934559"]
[BlackFideId "1640879"]
[WhiteElo "1983"]
[BlackElo "2415"]
[Result "0-1"]
[Round "01"]
[TimeControl "180+1"]
[Date "2022.11.09"]
[WhiteClock "0:01:46"]
[BlackClock "0:01:26"]

1. d4 Nf6 2. c4 g6 3. Nc3 Bg7 4. e4 d6 5. Nge2 O-O 6. Ng3 e5 7. d5 a5 8. h4 h5 9. Bg5 Qd7 10. Be2 Na6 11. Qd2 Nc5 12. Bh6 Qd8 13. O-O-O Ng4 14. Bxg7 Kxg7 15. Bxg4 Bxg4 16. f3 Bd7 17. Nf1 b5 18. cxb5 Rb8 19. a4 Nb3+ 20. Kc2 Nxd2 21. Rxd2 f5 22. Ne3 fxe4 23. fxe4 Rf4 24. Kd3 Rxh4 25. Rf1 Qg5 26. Rdf2 Rf4 27. Ne2 Rxf2 28. Rxf2 Rf8 29. Rxf8 Kxf8 30. Nd1 Bg4 31. Ne3 Bxe2+ 32. Kxe2 h4 33. b4 axb4 34. a5 b3 35. a6 b2 36. a7 Qd8 0-1


[Site "https://www.chess.com"]

[Event "Titled Tuesday Blitz November 08 Early 2022"]
[White "Khamdamova, Afruza"]
[Black "Pultinevicius, Paulius"]
[WhiteFideId "14210444"]
[BlackFideId "12809390"]
[WhiteElo "2018"]
[BlackElo "2493"]
[Result "0-1"]
[Round "01"]
[TimeControl "180+1"]
[Date "2022.11.09"]
[WhiteClock "0:00:06"]
[BlackClock "0:00:08"]

1. e4 c5 2. Nf3 e6 3. d4 cxd4 4. Nxd4 a6 5. c4 Nf6 6. Nc3 Bb4 7. Bd3 d5 8. Qa4+ Nc6 9. Nxc6 Bxc3+ 10. bxc3 bxc6 11. cxd5 exd5 12. Qxc6+ Bd7 13. Qd6 dxe4 14. Bc2 Bb5 15. Qe5+ Qe7 16. Bf4 Rc8 17. a4 Bc4 18. Rd1 Qxe5 19. Bxe5 O-O 20. Bxf6 gxf6 21. Rd6 f5 22. Kd2 Kg7 23. Ke3 Be6 24. Kd2 Rb8 25. Rb1 Rbd8 26. Rxd8 Rxd8+ 27. Ke3 Rc8 28. Kd2 Rc6 29. Rb7 Kf6 30. g3 Ke5 31. Bb3 Rd6+ 32. Kc2 Bd7 33. a5 f6 34. c4 Kd4 35. Rb8 Kc5 36. Rh8 Kb4 37. Rxh7 f4 38. gxf4 e3 39. Rh3 Bxh3 0-1


[Site "https://www.chess.com"]

[Event "Titled Tuesday Blitz November 08 Early 2022"]
[White "Khandelwal, Ankush"]
[Black "Durarbayli, Vasif"]
[WhiteFideId "413470"]
[BlackFideId "13402935"]
[WhiteElo "2271"]
[BlackElo "2586"]
[Result "0-1"]
[Round "01"]
[TimeControl "180+1"]
[Date "2022.11.09"]
[WhiteClock "0:00:14"]
[BlackClock "0:00:18"]

1. e4 c5 2. Nf3 d6 3. d4 cxd4 4. Nxd4 Nf6 5. Nc3 a6 6. f3 e5 7. Nb3 Be6 8. Be3 h5 9. Qd2 Nbd7 10. O-O-O Be7 11. h3 h4 12. f4 Rc8 13. f5 Bc4 14. Kb1 b5 15. Bxc4 Rxc4 16. Rhe1 Qc7 17. Nd5 Nxd5 18. Qxd5 O-O 19. Re2 Nf6 20. Qd3 Nxe4 21. Nd2 Nxd2+ 22. Rexd2 Rc8 23. Bf2 b4 24. g4 hxg3 25. Bxg3 Rd4 26. Qf3 a5 27. Bf2 Rxd2 28. Rxd2 Qc6 29. Qg3 Qh1+ 30. Be1 Qe4 31. Rg2 Bf6 32. h4 Qxf5 33. h5 Qxh5 34. b3 Qd1+ 35. Kb2 e4+ 36. c3 bxc3+ 37. Ka3 c2 38. Qh3 c1=Q+ 39. Ka4 Qd4+ 40. Kb5 Qc6+ 41. Kxa5 Ra8# 0-1


[Site "https://www.chess.com"]

[Event "Titled Tuesday Blitz November 08 Early 2022"]
[White "Kis, Lorand Bela"]
[Black "Odegov, Artem"]
[WhiteFideId "2024098"]
[BlackFideId "34183644"]
[WhiteElo "2085"]
[BlackElo "2298"]
[Result "0-1"]
[Round "01"]
[TimeControl "180+1"]
[Date "2022.11.09"]
[WhiteClock "0:00:45"]
[BlackClock "0:02:02"]

1. Nf3 d5 2. g3 Nf6 3. Bg2 Bf5 4. d3 e6 5. Nbd2 h6 6. O-O Be7 7. Qe1 O-O 8. e4 Bh7 9. Qe2 c6 10. Re1 Nbd7 11. b3 dxe4 12. dxe4 Nc5 13. Bb2 Nfxe4 14. Rad1 Nxd2 15. Rxd2 Qb6 16. a3 Rad8 17. Red1 Rxd2 18. Rxd2 Rd8 19. b4 Rxd2 20. Qxd2 Ne4 21. Qd4 Qxd4 22. Bxd4 a6 23. c4 Nd6 24. Nd2 Bd3 25. Bf1 Bxf1 26. Kxf1 f6 27. f4 Kf7 28. Ke2 Nf5 29. Bb6 g5 30. Kd3 gxf4 31. gxf4 Bd6 32. Ke4 Nh4 33. c5 f5+ 34. Ke3 Bb8 35. Nc4 Ng2+ 36. Kf3 Nxf4 37. Na5 e5 38. Nxb7 e4+ 39. Kf2 Nd3+ 40. Ke2 Ke6 41. Na5 Kd5 42. h3 f4 43. Bd8 f3+ 44. Kf1 e3 0-1


[Site "https://www.chess.com"]

[Event "Titled Tuesday Blitz November 08 Early 2022"]
[White "Kohler, Aran"]
[Black "Papasimakopoulos, Alexandros"]
[WhiteFideId "1002856"]
[BlackFideId "4244125"]
[WhiteElo "2367"]
[BlackElo "2365"]
[Result "0-1"]
[Round "01"]
[TimeControl "180+1"]
[Date "2022.11.09"]
[WhiteClock "0:00:48"]
[BlackClock "0:00:59"]

1. Nf3 d5 2. g3 c6 3. Bg2 Nf6 4. O-O Bg4 5. c4 e6 6. cxd5 exd5 7. h3 Bh5 8. g4 Bg6 9. d3 Nbd7 10. Nh4 Bc5 11. Nxg6 hxg6 12. d4 Bd6 13. e3 Qe7 14. f4 Ne4 15. Qe1 O-O-O 16. Nc3 Nxc3 17. bxc3 g5 18. f5 Nf6 19. c4 Bb8 20. cxd5 Nxd5 21. e4 Nf4 22. Bxf4 Bxf4 23. Rd1 Rd7 24. Qc3 Rhd8 25. e5 Bxe5 26. Kh1 Bxd4 27. Qc4 Bb6 28. Rde1 Qd6 29. Re2 Bc7 30. Bf3 Qg3 31. Bg2 Qh2# 0-1


[Site "https://www.chess.com"]

[Event "Titled Tuesday Blitz November 08 Early 2022"]
[White "Kopacz, Grzegorz"]
[Black "Firat, Burak"]
[WhiteFideId "1109880"]
[BlackFideId "6305881"]
[WhiteElo "2037"]
[BlackElo "2392"]
[Result "0-1"]
[Round "01"]
[TimeControl "180+1"]
[Date "2022.11.09"]
[WhiteClock "0:00:02"]
[BlackClock "0:00:15"]

1. c4 Nf6 2. Nc3 e5 3. e4 Bc5 4. g3 h5 5. h4 Ng4 6. Nh3 a6 7. Bg2 d6 8. d3 Nc6 9. O-O Nd4 10. Ne2 c6 11. Nxd4 Bxd4 12. Qe2 f6 13. Be3 Nxe3 14. fxe3 Ba7 15. Kh2 Bg4 16. Bf3 Bxf3 17. Qxf3 Qd7 18. Rae1 O-O-O 19. Qf5 Kc7 20. Qxd7+ Kxd7 21. Rf5 Ke6 22. Rff1 b5 23. b3 bxc4 24. dxc4 a5 25. Kg2 Rb8 26. Kf3 a4 27. Rb1 Rb4 28. Nf2 axb3 29. Rxb3 Rxc4 30. Rb7 Ra8 31. Ra1 Rc3 32. Nd1 Ra3 33. Rxg7 Bc5 34. g4 hxg4+ 35. Rxg4 Rxa2 36. Rxa2 Rxa2 37. h5 Rh2 38. Rg7 Rxh5 39. Nf2 Rh8 40. Ng4 Rf8 41. Nh6 d5 42. Nf5 Rc8 43. Rb7 Bf8 0-1


[Site "https://www.chess.com"]